 Dungeon Crawl Stone Soup version 0.28.0-43-g3370ac3207 (webtiles) character file.

Game seed: 7976802389939232636

39 pkoi the Insei (level 3, -3/31 HPs)
             Began as a Draconian Monk on Mar 11, 2022.
             Slain by Sigmund
             ... wielding a +0 scythe
              (4 damage)
             ... on level 2 of the Dungeon.
             The game lasted 00:01:10 (1483 turns).

pkoi the Insei (Draconian Monk)                     Turns: 1483, Time: 00:01:11

Health: -3/31      AC:  5    Str: 13    XL:     3   Next: 28%
Magic:  3/3        EV: 12    Int: 12    God:
Gold:   20         SH:  0    Dex: 13    Spells: 2/2 levels left

rFire   . . .      SeeInvis .     - Unarmed
rCold   . . .      Faith    .   (no shield)
rNeg    . . .      Spirit   .   (armour unavailable)
rPois   .          Reflect  .   (helmet restricted)
rElec   .          Harm     .   (no cloak)
rCorr   .          Rampage  .   (no gloves)
Will    .....                   (no boots)
Stlth   ++........              (no amulet)
HPRegen 0.10/turn               (no ring)
MPRegen 0.08/turn               (no ring)

@: no status effects
A: AC +5, unfitting armour, cold-blooded
a: no special abilities


You were on level 2 of the Dungeon.
You visited 1 branch of the dungeon, and saw 2 of its levels.

You collected 20 gold pieces.

Inventory:

Jewellery
 a - an amulet of magic regeneration
 e - a ring of wizardry
Scrolls
 c - a scroll of immolation {unknown}
Potions
 b - a potion of invisibility {unknown}
 d - a potion of might {unknown}
 f - 2 potions of mutation {unknown}


   Skills:
 - Level 3.2 Fighting
 - Level 2.6 Dodging
 - Level 1.7 Stealth
 + Level 4.4 Unarmed Combat


You had 2 spell levels left.
You didn't know any spells.
Your spell library was empty.

Dungeon Overview and Level Annotations

Branches:
Dungeon (2/15)

Altars:

Annotations:
D:2 Sigmund


Innate Abilities, Weirdness & Mutations

Your plain brown scales are hard. (AC +5)
You cannot fit into any form of body armour.
You are cold-blooded and may be slowed by cold attacks.


Message History

You are too injured to fight recklessly!
You are too injured to fight recklessly!
You are too injured to fight recklessly!
You are too injured to fight recklessly!
You are too injured to fight recklessly!
You are too injured to fight recklessly!
You are too injured to fight recklessly!
You are too injured to fight recklessly!
You are too injured to fight recklessly!
You are too injured to fight recklessly!
You are too injured to fight recklessly!
You are too injured to fight recklessly!
You are too injured to fight recklessly!
You are too injured to fight recklessly!
You closely miss the kobold. The kobold closely misses you.
You hit the kobold.
The kobold is severely wounded.
Something hits you but does no damage. The kobold hits you with a +0 club.
* * * LOW HITPOINT WARNING * * *
You closely miss the kobold.
Your tail-slap misses the kobold.
The kobold is severely wounded.
The kobold misses you. Something hits you.
* * * LOW HITPOINT WARNING * * *
You hit the kobold.
You kill the kobold!
You hear some strange, mumbled words.
A magic dart appears from out of thin air!
The magic dart hits you.
* * * LOW HITPOINT WARNING * * *
Things that are here:
a +0 club; 3 stones; a kobold corpse You closely miss something.
You tail-slap something. Something hits you but does no damage.
You barely miss something. You miss something. Something barely misses you.
You hit something. Something hits you!
* * * LOW HITPOINT WARNING * * *
You hit something.
Your tail-slap misses something.
You barely miss something. Something hits you.
You die...

#####.#.#.#######
#............# #
#..#.#...###.# .#
#..#.###.###.##.##.#
#. #.#.............#
# #.............#
###.#.###.##..#
....#.###.##..#
##.......@{...#
#.##.###.#...... #.
#.# #.#.#.### .. ..#
# # ###


There were no monsters in sight!

Vanquished Creatures
  6 ball pythons
  2 endoplasms (D:1)
  3 giant cockroaches (D:1)
  A goblin (D:1)
  3 hobgoblins (D:1)
  2 jackals (D:1)
  4 quokkas (D:1)
  3 bats
  4 frilled lizards
  4 kobolds
  6 rats
38 creatures vanquished.

Notes
Turn   | Place    | Note
-------+----------+-------------------------------------------
     0 | D:1      | pkoi the Draconian Monk began the quest for the Orb.
     0 | D:1      | Reached XP level 1. HP: 19/19 MP: 1/1
   301 | D:1      | Reached XP level 2. HP: 26/26 MP: 2/2
   394 | D:1      | Reached skill level 4 in Unarmed Combat
   885 | D:1      | Reached XP level 3. HP: 31/31 MP: 3/3
   906 | D:1      | Found a faded altar of an unknown god.
  1468 | D:2      | Noticed Sigmund
  1481 | D:2      | HP: 1/31 [something (11)]
  1483 | D:2      | Slain by Sigmund

Illustrated notes

Levels and vault maps discovered:
D:1:      dpeg_arrival_rhombi, layout_basic,
          shapermc_ecumenical_altar_mp_vishouse
D:2:      layout_loops_ring, uniq_sigmund

Skill      XL: |  1  2 |
---------------+-------+-----
Unarmed Combat | 4 |  4.4
Fighting       | |  3.2
Dodging        | |  2.6
Stealth        | |  1.7

Action                   || total
-------------------------++-------
Melee: Unarmed           ||   133
       Punch             ||     3
       Tailslap          ||     8
 Stab: Sleeping          ||     2
Armor: Skin              ||    44
Dodge: Dodged            ||    84
